| TOP OF THE 1ST |
|
Cincinnati (NYP) Reds batting - Pitching for State College Spikes : LHP Jon Zaragoza
|
|
Pitching: LHP Jon Zaragoza
|
|
|
Batting: RHB Jon Marquez
|
0-0: Ball 1-0: Ground out U3 (Groundball, 34, EV 102.5 MPH)
|
|
Batting: RHB Kevin Larner
|
0-0: SINGLE (Groundball, 6MD, EV 96.2 MPH)
|
|
Batting: RHB Randy Grewe
|
0-0: Ball 1-0: Called Strike 1-1: Grounds into double play, 4-6-3 (Groundball, 4, EV 87.5 MPH)
|
| Top of the 1st over - 0 runs, 1 hit, 0 errors, 0 left on base; Cincinnati (NYP) 0 - State College 0 |
| BOTTOM OF THE 1ST |
|
State College Spikes batting - Pitching for Cincinnati (NYP) Reds : RHP Toby Riley
|
|
Pitching: RHP Toby Riley
|
|
|
Batting: RHB Bobby Miles
|
0-0: Called Strike 0-1: SINGLE (Groundball, 6D, EV 96.9 MPH)
|
|
Batting: RHB Ben Politi
|
0-0: Ball 1-0: Ball 2-0: Called Strike 2-1: Foul Ball, location: 2F 2-2: Ball 3-2: Strikes out swinging
|
|
Batting: LHB Ignacio Ocampo
|
0-0: Ball 1-0: Ball 2-0: Called Strike 2-1: Swinging Strike 2-2: Strikes out looking
|
|
Batting: RHB Sam Daw
|
0-0: Ball 1-0: Ball 2-0: Ball 3-0: Called Strike 3-1: Base on Balls Bobby Miles to second
|
|
Batting: SHB Justin Houser
|
0-0: Swinging Strike 0-1: Foul Ball, location: 2F 0-2: Foul Ball, location: 2F 0-2: Strikes out swinging
|
| Bottom of the 1st over - 0 runs, 1 hit, 0 errors, 2 left on base; Cincinnati (NYP) 0 - State College 0 |
| TOP OF THE 2ND |
|
Cincinnati (NYP) Reds batting - Pitching for State College Spikes : LHP Jon Zaragoza
|
|
Batting: RHB David Clough
|
0-0: Called Strike 0-1: Ball 1-1: SOLO HOME RUN (Line Drive, 9D, EV 106.9 MPH), Distance : 396 ft
|
|
Batting: RHB Tony Diaz
|
0-0: Ball 1-0: Swinging Strike 1-1: Swinging Strike 1-2: Reached on error, E6 (Groundball, 6, EV 83.1 MPH)
|
|
Batting: SHB Cesar Pelayo
|
0-0: Ball 1-0: Fly out, F8 (Flyball, 8LS, EV 80.6 MPH)
|
|
Batting: RHB Tim Walter
|
0-0: Ball 1-0: Foul Ball, location: 2F 1-1: SINGLE (Groundball, 5D, EV 95.6 MPH) Tony Diaz to second
|
|
Batting: RHB R.J. Romberg
|
0-0: Ball 1-0: Foul Ball, location: 2F 1-1: Grounds into double play, U6-3 (Groundball, 4MS, EV 83.8 MPH)
|
| Top of the 2nd over - 1 run, 2 hits, 1 error, 1 left on base; Cincinnati (NYP) 1 - State College 0 |
| BOTTOM OF THE 2ND |
|
State College Spikes batting - Pitching for Cincinnati (NYP) Reds : RHP Toby Riley
|
|
Batting: RHB McGwire Jones
|
0-0: Foul Ball, location: 2F 0-1: Swinging Strike 0-2: Ball 1-2: Fly out, F8 (Flyball, 8LS, EV 77.5 MPH)
|
|
Batting: LHB Jorge Zarazua
|
0-0: Called Strike 0-1: Ball 1-1: Ball 2-1: Called Strike 2-2: Ball 3-2: Strikes out swinging, 2-3 out at first.
|
|
Batting: SHB Justin Towry
|
0-0: Ball 1-0: Ball 2-0: Called Strike 2-1: Ball 3-1: Called Strike 3-2: Foul Ball, location: 2F 3-2: SINGLE (Line Drive, 9S, EV 90.0 MPH)
|
|
Batting: RHB Adam Hudson
|
0-0: Swinging Strike 0-1: Ball 1-1: Ball 2-1: Foul Ball, location: 2F 2-2: Ball 3-2: Fly out, F7 (Line Drive, 7, EV 89.4 MPH)
|
| Bottom of the 2nd over - 0 runs, 1 hit, 0 errors, 1 left on base; Cincinnati (NYP) 1 - State College 0 |
| TOP OF THE 3RD |
|
Cincinnati (NYP) Reds batting - Pitching for State College Spikes : LHP Jon Zaragoza
|
|
Batting: RHB Cyd Carver
|
0-0: Ball 1-0: Called Strike 1-1: Ball 2-1: Swinging Strike 2-2: Reached via error on a dropped throw from 1B, E1 (Groundball, 34, EV 96.2 MPH)
|
|
Batting: RHB Jon Marquez
|
0-0: Called Strike 0-1: Ball 1-1: Fielders Choice at 2nd, 5-4 (Groundball, 56S, EV 78.8 MPH)
|
|
Batting: RHB Kevin Larner
|
0-0: Called Strike Jon Marquez steals 2nd base (no throw) 0-1: Ground out U3 (Groundball, 34, EV 100.0 MPH) Jon Marquez to third
|
|
Batting: RHB Randy Grewe
|
0-0: Ball 1-0: Ball 2-0: Ground out 6-3 (Groundball, 6, EV 82.5 MPH)
|
| Top of the 3rd over - 0 runs, 0 hits, 1 error, 1 left on base; Cincinnati (NYP) 1 - State College 0 |
| BOTTOM OF THE 3RD |
|
State College Spikes batting - Pitching for Cincinnati (NYP) Reds : RHP Toby Riley
|
|
Batting: RHB Bobby Miles
|
0-0: Ball 1-0: Ball 2-0: Called Strike 2-1: Ball 3-1: Base on Balls
|
|
Batting: RHB Ben Politi
|
0-0: Foul Ball, location: 2F 0-1: Called Strike 0-2: Strikes out swinging
|
|
Batting: LHB Ignacio Ocampo
|
0-0: Ball 1-0: Fly out, F8 (Line Drive, 8LM, EV 89.4 MPH)
|
|
Batting: RHB Sam Daw
|
0-0: Called Strike Bobby Miles steals 2nd base 0-1: Ball 1-1: Ball 2-1: Foul Ball, location: 2F 2-2: Hit by Pitch
|
|
Batting: SHB Justin Houser
|
0-0: Called Strike 0-1: Foul Ball, location: 2F 0-2: Ball Wild Pitch! Bobby Miles to third Sam Daw to second 1-2: Ball 2-2: Ball 3-2: Foul Ball, location: 2F 3-2: Strikes out swinging
|
| Bottom of the 3rd over - 0 runs, 0 hits, 0 errors, 2 left on base; Cincinnati (NYP) 1 - State College 0 |
| TOP OF THE 4TH |
|
Cincinnati (NYP) Reds batting - Pitching for State College Spikes : LHP Jon Zaragoza
|
|
Batting: RHB David Clough
|
0-0: Called Strike 0-1: Ball 1-1: Ball 2-1: Ball 3-1: Fly out, F9 (Line Drive, 9LS, EV 113.1 MPH)
|
|
Batting: RHB Tony Diaz
|
0-0: Ball 1-0: Ground out 5-3 (Groundball, 56S, EV 81.9 MPH)
|
|
Batting: SHB Cesar Pelayo
|
0-0: Ball 1-0: Swinging Strike 1-1: Ball 2-1: Fly out, F9 (Line Drive, 89M, EV 88.8 MPH)
|
| Top of the 4th over - 0 runs, 0 hits, 0 errors, 0 left on base; Cincinnati (NYP) 1 - State College 0 |
| BOTTOM OF THE 4TH |
|
State College Spikes batting - Pitching for Cincinnati (NYP) Reds : RHP Toby Riley
|
|
Batting: RHB McGwire Jones
|
0-0: Called Strike 0-1: Foul Ball, location: 2F 0-2: Ball 1-2: Strikes out swinging
|
|
Batting: LHB Jorge Zarazua
|
0-0: Foul Ball, location: 2F 0-1: Fly out, F8 (Flyball, 89S, EV 86.2 MPH)
|
|
Batting: SHB Justin Towry
|
0-0: Ball 1-0: Ball 2-0: Foul Ball, location: 2F 2-1: Foul Ball, location: 2F 2-2: Foul Ball, location: 2F 2-2: Ball 3-2: Foul Ball, location: 2F 3-2: Base on Balls
|
|
Batting: RHB Adam Hudson
|
0-0: Called Strike 0-1: Ball 1-1: Called Strike 1-2: Foul Ball, location: 2F 1-2: Strikes out swinging
|
| Bottom of the 4th over - 0 runs, 0 hits, 0 errors, 1 left on base; Cincinnati (NYP) 1 - State College 0 |
| TOP OF THE 5TH |
|
Cincinnati (NYP) Reds batting - Pitching for State College Spikes : LHP Jon Zaragoza
|
|
Batting: RHB Tim Walter
|
0-0: Fly out, F9 (Flyball, 89M, EV 95.0 MPH)
|
|
Batting: RHB R.J. Romberg
|
0-0: Ball 1-0: Foul Ball, location: 2F 1-1: Foul Ball, location: 2F 1-2: Strikes out swinging
|
|
Batting: RHB Cyd Carver
|
0-0: Called Strike 0-1: Foul Ball, location: 2F 0-2: Ball 1-2: Ball 2-2: SINGLE (Groundball, 5S, EV 73.8 MPH) (infield hit)
|
|
Batting: RHB Jon Marquez
|
0-0: Ball 1-0: Called Strike 1-1: Ball 2-1: Fly out, F7 (Flyball, 7D, EV 86.2 MPH)
|
| Top of the 5th over - 0 runs, 1 hit, 0 errors, 1 left on base; Cincinnati (NYP) 1 - State College 0 |
| BOTTOM OF THE 5TH |
|
State College Spikes batting - Pitching for Cincinnati (NYP) Reds : RHP Toby Riley
|
|
Batting: RHB Bobby Miles
|
0-0: Called Strike 0-1: Called Strike 0-2: Ball 1-2: Ball 2-2: Foul Ball, location: 2F 2-2: Ball 3-2: Base on Balls
|
|
Pitching: RHP Gabe Kelso
|
|
|
Batting: RHB Ben Politi
|
0-0: Ball Bobby Miles steals 2nd base 1-0: Swinging Strike 1-1: Swinging Strike 1-2: Strikes out swinging
|
|
Batting: LHB Ignacio Ocampo
|
0-0: Called Strike 0-1: Called Strike 0-2: Ball 1-2: Foul Ball, location: 2F 1-2: Strikes out swinging
|
|
Batting: RHB Sam Daw
|
0-0: Ball 1-0: Ball 2-0: Swinging Strike 2-1: Called Strike 2-2: Foul Ball, location: 2F 2-2: Foul Ball, location: 2F 2-2: Strikes out swinging passed ball, reaches first! Bobby Miles to third
|
|
Batting: SHB Justin Houser
|
0-0: Called Strike 0-1: Foul Ball, location: 2F 0-2: Strikes out swinging
|
| Bottom of the 5th over - 0 runs, 0 hits, 0 errors, 2 left on base; Cincinnati (NYP) 1 - State College 0 |
| TOP OF THE 6TH |
|
Cincinnati (NYP) Reds batting - Pitching for State College Spikes : LHP Jon Zaragoza
|
|
Batting: RHB Kevin Larner
|
0-0: Ball 1-0: Ball 2-0: Called Strike 2-1: Ball 3-1: Ground out 3-1 (Groundball, 13, EV 86.2 MPH)
|
|
Batting: RHB Randy Grewe
|
0-0: Ball 1-0: Called Strike 1-1: Ball 2-1: Swinging Strike 2-2: Ball 3-2: Strikes out swinging
|
|
Batting: RHB David Clough
|
0-0: Called Strike 0-1: Ball 1-1: Ball 2-1: Called Strike 2-2: Foul Ball, location: 2F 2-2: Ball 3-2: Strikes out swinging
|
| Top of the 6th over - 0 runs, 0 hits, 0 errors, 0 left on base; Cincinnati (NYP) 1 - State College 0 |
| BOTTOM OF THE 6TH |
|
State College Spikes batting - Pitching for Cincinnati (NYP) Reds : RHP Gabe Kelso
|
|
Batting: RHB McGwire Jones
|
0-0: Foul Ball, location: 2F 0-1: Called Strike 0-2: Foul Ball, location: 2F 0-2: Ball 1-2: Foul Ball, location: 2F 1-2: Foul Ball, location: 2F 1-2: Strikes out looking
|
|
Batting: LHB Jorge Zarazua
|
0-0: Ball 1-0: Ball 2-0: Fly out, F7 (Flyball, 7, EV 74.4 MPH)
|
|
Batting: SHB Justin Towry
|
0-0: Ball 1-0: Ball 2-0: Ball 3-0: Base on Balls
|
|
Batting: RHB Adam Hudson
|
0-0: Called Strike 0-1: Fly out, F8 (Flyball, 89M, EV 84.4 MPH)
|
| Bottom of the 6th over - 0 runs, 0 hits, 0 errors, 1 left on base; Cincinnati (NYP) 1 - State College 0 |
| TOP OF THE 7TH |
|
Cincinnati (NYP) Reds batting - Pitching for State College Spikes : LHP Jon Zaragoza
|
|
Batting: RHB Tony Diaz
|
0-0: Foul Ball, location: 2F 0-1: Ball 1-1: Called Strike 1-2: Ground out 5-3 (Groundball, 56S, EV 86.9 MPH)
|
|
Batting: SHB Cesar Pelayo
|
0-0: SINGLE (Groundball, 4D, EV 104.4 MPH)
|
|
Batting: RHB Tim Walter
|
0-0: Ball 1-0: SINGLE (Groundball, 6S, EV 68.8 MPH) (infield hit) Cesar Pelayo to second
|
|
Batting: RHB R.J. Romberg
|
0-0: Ball 1-0: Foul Ball, location: 2F 1-1: Grounds into double play, 6-4-3 (Groundball, 6, EV 96.9 MPH)
|
| Top of the 7th over - 0 runs, 2 hits, 0 errors, 1 left on base; Cincinnati (NYP) 1 - State College 0 |
| BOTTOM OF THE 7TH |
|
State College Spikes batting - Pitching for Cincinnati (NYP) Reds : RHP Gabe Kelso
|
|
Batting: RHB Bobby Miles
|
0-0: DOUBLE (Line Drive, 9LM, EV 105.6 MPH)
|
|
Batting: RHB Ben Politi
|
0-0: Ball 1-0: Sac Bunt to 2R - play at first, batter OUT! 2-4 Bobby Miles to third
|
|
Batting: LHB Ignacio Ocampo
|
0-0: Ball 1-0: Ball 2-0: Called Strike 2-1: Ground out 5-3 (Groundball, 5, EV 95.0 MPH)
|
|
Batting: RHB Sam Daw
|
0-0: DOUBLE (Line Drive, 7LM, EV 106.2 MPH) Bobby Miles scores
|
|
Pitching: LHP Eric Dennis
|
|
|
Batting: SHB Justin Houser
|
0-0: Called Strike 0-1: Ball 1-1: Ball 2-1: Ball 3-1: Ground out 6-3 (Groundball, 6, EV 82.5 MPH)
|
| Bottom of the 7th over - 1 run, 2 hits, 0 errors, 1 left on base; Cincinnati (NYP) 1 - State College 1 |
| TOP OF THE 8TH |
|
Cincinnati (NYP) Reds batting - Pitching for State College Spikes : LHP Jon Zaragoza
|
|
Batting: RHB Cyd Carver
|
0-0: Foul Ball, location: 2F 0-1: Ball 1-1: Ball 2-1: Ball 3-1: Foul Ball, location: 2F 3-2: Ground out 5-3 (Groundball, 56, EV 101.2 MPH)
|
|
Batting: RHB Jon Marquez
|
0-0: Fly out, F8 (Flyball, 8LD, EV 101.2 MPH)
|
|
Batting: RHB Kevin Larner
|
0-0: Foul Ball, location: 2F 0-1: Foul Ball, location: 2F 0-2: Ball 1-2: Ball 2-2: Strikes out swinging
|
| Top of the 8th over - 0 runs, 0 hits, 0 errors, 0 left on base; Cincinnati (NYP) 1 - State College 1 |
| BOTTOM OF THE 8TH |
|
State College Spikes batting - Pitching for Cincinnati (NYP) Reds : LHP Eric Dennis
|
|
Batting: RHB McGwire Jones
|
0-0: Foul Ball, location: 2F 0-1: Ball 1-1: Ground out 6-3 (Groundball, 56, EV 105.6 MPH)
|
|
Batting: LHB Jorge Zarazua
|
0-0: Foul Ball, location: 2F 0-1: Ball 1-1: Swinging Strike 1-2: Ball 2-2: Strikes out swinging
|
|
Batting: SHB Justin Towry
|
0-0: Ball 1-0: Ball 2-0: Ball 3-0: Called Strike 3-1: Base on Balls
|
|
Batting: RHB Adam Hudson
|
0-0: Ball 1-0: Called Strike 1-1: Ball 2-1: Foul Ball, location: 2F 2-2: Ball 3-2: Strikes out swinging
|
| Bottom of the 8th over - 0 runs, 0 hits, 0 errors, 1 left on base; Cincinnati (NYP) 1 - State College 1 |
| TOP OF THE 9TH |
|
Cincinnati (NYP) Reds batting - Pitching for State College Spikes : LHP Jon Zaragoza
|
|
Batting: RHB Randy Grewe
|
0-0: Called Strike 0-1: Ground out 2-3 (Groundball, 13S, EV 64.4 MPH)
|
|
Batting: RHB David Clough
|
0-0: Ball 1-0: Ball 2-0: SINGLE (Flyball, 78S, EV 88.1 MPH)
|
|
Pitching: LHP Daniel Aguayo
|
|
|
Batting: RHB Tony Diaz
|
0-0: Fly out, F6 (Popup, 4MD, EV 65.0 MPH)
|
|
Batting: SHB Cesar Pelayo
|
0-0: Called Strike 0-1: Foul Ball, location: 2F 0-2: Ball 1-2: Ball 2-2: Strikes out swinging
|
| Top of the 9th over - 0 runs, 1 hit, 0 errors, 1 left on base; Cincinnati (NYP) 1 - State College 1 |
| BOTTOM OF THE 9TH |
|
State College Spikes batting - Pitching for Cincinnati (NYP) Reds : LHP Eric Dennis
|
|
Batting: RHB Bobby Miles
|
0-0: Ball 1-0: Ball 2-0: Ball 3-0: Base on Balls
|
|
Batting: RHB Ben Politi
|
Pickoff Play to 1st, Runner tries for 2nd, OUT after rundown. 0-0: Foul Ball, location: 2F 0-1: Ball 1-1: Ball 2-1: Called Strike 2-2: Ground out 5-3 (Groundball, 56S, EV 66.2 MPH)
|
|
Pinch Hitting: RHB Roberto Ruiz
|
0-0: Called Strike 0-1: Reached on error, E5 (Groundball, 56S, EV 90.0 MPH)
|
|
Pitching: RHP Javier Perez
|
|
|
Batting: RHB Sam Daw
|
0-0: Ball 1-0: Ball 2-0: Called Strike 2-1: Foul Ball, location: 2F 2-2: Strikes out swinging
|
| Bottom of the 9th over - 0 runs, 0 hits, 1 error, 1 left on base; Cincinnati (NYP) 1 - State College 1 |
| TOP OF THE 10TH |
|
Cincinnati (NYP) Reds batting - Pitching for State College Spikes : LHP Daniel Aguayo
|
|
Now in CF: Mario Mendoza
|
|
|
Batting: RHB Tim Walter
|
0-0: Ground out 6-3 (Groundball, 6, EV 80.0 MPH)
|
|
Pinch Hitting: SHB Tim Utz
|
0-0: Swinging Strike 0-1: Ball 1-1: Called Strike 1-2: Ball 2-2: Ball 3-2: Strikes out swinging
|
|
Batting: RHB Cyd Carver
|
0-0: Called Strike 0-1: Ground out 3-1 (Groundball, 34, EV 83.8 MPH)
|
| Top of the 10th over - 0 runs, 0 hits, 0 errors, 0 left on base; Cincinnati (NYP) 1 - State College 1 |
| BOTTOM OF THE 10TH |
|
State College Spikes batting - Pitching for Cincinnati (NYP) Reds : RHP Javier Perez
|
|
Pitching: RHP Calisto Morda
|
|
|
Now in CF: Jason Pirkle
|
|
|
Batting: SHB Justin Houser
|
0-0: Swinging Strike 0-1: Foul Ball, location: 2F 0-2: Ball 1-2: Ball 2-2: Strikes out looking
|
|
Pinch Hitting: LHB Billy Lang
|
0-0: Swinging Strike 0-1: Swinging Strike 0-2: Ground out 5-3 (Groundball, 56, EV 108.8 MPH)
|
|
Batting: LHB Jorge Zarazua
|
0-0: Ball 1-0: Foul Ball, location: 2F 1-1: Foul Ball, location: 2F 1-2: Ball 2-2: Foul Ball, location: 2F 2-2: Ground out U3 (Groundball, 3, EV 98.1 MPH)
|
| Bottom of the 10th over - 0 runs, 0 hits, 0 errors, 0 left on base; Cincinnati (NYP) 1 - State College 1 |
| TOP OF THE 11TH |
|
Cincinnati (NYP) Reds batting - Pitching for State College Spikes : LHP Daniel Aguayo
|
|
Now at C: Julio Sandoval
|
|
|
Batting: RHB Jon Marquez
|
0-0: Swinging Strike 0-1: Ball 1-1: Swinging Strike 1-2: Ball 2-2: Strikes out looking
|
|
Batting: RHB Kevin Larner
|
0-0: Foul Ball, location: 2F 0-1: Ball 1-1: Foul Ball, location: 2F 1-2: Ball 2-2: SINGLE (Groundball, 56D, EV 106.2 MPH)
|
|
Batting: RHB Randy Grewe
|
0-0: Ball 1-0: Called Strike 1-1: Ball 2-1: Swinging Strike 2-2: Foul Ball, location: 2F 2-2: Ball 3-2: Fly out, F9 (Flyball, 8RM, EV 90.0 MPH)
|
|
Batting: RHB David Clough
|
0-0: Foul Ball, location: 2F 0-1: Ball 1-1: Ball 2-1: Foul Ball, location: 2F 2-2: Foul Ball, location: 2F 2-2: Ball 3-2: Strikes out swinging
|
| Top of the 11th over - 0 runs, 1 hit, 0 errors, 1 left on base; Cincinnati (NYP) 1 - State College 1 |
| BOTTOM OF THE 11TH |
|
State College Spikes batting - Pitching for Cincinnati (NYP) Reds : RHP Calisto Morda
|
|
Batting: SHB Justin Towry
|
0-0: Ball 1-0: Fly out, F9 (Flyball, 89S, EV 84.4 MPH)
|
|
Batting: RHB Adam Hudson
|
0-0: Ball 1-0: Foul Ball, location: 2F 1-1: SINGLE (Groundball, 34D, EV 110.6 MPH)
|
|
Batting: RHB Bobby Miles
|
0-0: Ball 1-0: Fielders Choice at 2nd, 6-4 (Groundball, 6, EV 76.9 MPH)
|
|
Batting: RHB Ben Politi
|
0-0: Ball 1-0: Foul Ball, location: 2F 1-1: Ball 2-1: Foul Ball, location: 2F 2-2: Ground out 4-3 (Groundball, 34, EV 76.2 MPH)
|
| Bottom of the 11th over - 0 runs, 1 hit, 0 errors, 1 left on base; Cincinnati (NYP) 1 - State College 1 |
| TOP OF THE 12TH |
|
Cincinnati (NYP) Reds batting - Pitching for State College Spikes : LHP Daniel Aguayo
|
|
Pitching: LHP Paul Fuller
|
|
|
Batting: RHB Tony Diaz
|
0-0: Foul Ball, location: 2F 0-1: Ground out 4-3 (Groundball, 4, EV 101.9 MPH)
|
|
Batting: SHB Cesar Pelayo
|
0-0: Called Strike 0-1: Called Strike 0-2: Strikes out swinging
|
|
Batting: RHB Tim Walter
|
0-0: Called Strike 0-1: Ball 1-1: Ground out 1-3 (Groundball, 13S, EV 70.6 MPH)
|
| Top of the 12th over - 0 runs, 0 hits, 0 errors, 0 left on base; Cincinnati (NYP) 1 - State College 1 |
| BOTTOM OF THE 12TH |
|
State College Spikes batting - Pitching for Cincinnati (NYP) Reds : RHP Calisto Morda
|
|
Batting: RHB Mario Mendoza
|
0-0: Ball 1-0: Ground out 6-3 (Groundball, 6, EV 81.2 MPH)
|
|
Batting: RHB Sam Daw
|
0-0: Called Strike 0-1: Ball 1-1: Ball 2-1: Called Strike 2-2: Strikes out swinging
|
|
Batting: SHB Justin Houser
|
0-0: Foul Ball, location: 2F 0-1: Swinging Strike 0-2: Strikes out swinging
|
| Bottom of the 12th over - 0 runs, 0 hits, 0 errors, 0 left on base; Cincinnati (NYP) 1 - State College 1 |
| TOP OF THE 13TH |
|
Cincinnati (NYP) Reds batting - Pitching for State College Spikes : LHP Paul Fuller
|
|
Batting: LHB Jason Pirkle
|
0-0: Swinging Strike 0-1: Swinging Strike 0-2: Foul Ball, location: 2F 0-2: Ball 1-2: Foul Ball, location: 2F 1-2: Ball 2-2: Foul Ball, location: 2F 2-2: Foul Ball, location: 2F 2-2: Foul Ball, location: 2F 2-2: SINGLE (Groundball, 34D, EV 97.5 MPH)
|
|
Batting: RHB Cyd Carver
|
0-0: Ball 1-0: Called Strike 1-1: Foul Ball, location: 2F 1-2: Ball 2-2: Strikes out looking
|
|
Batting: RHB Jon Marquez
|
0-0: Swinging Strike 0-1: Ball 1-1: Foul Ball, location: 2F 1-2: Fly out, F8 (Flyball, 8RD, EV 101.2 MPH)
|
|
Batting: RHB Kevin Larner
|
0-0: Ball 1-0: Fly out, F8 (Flyball, 8RD, EV 85.6 MPH)
|
| Top of the 13th over - 0 runs, 1 hit, 0 errors, 1 left on base; Cincinnati (NYP) 1 - State College 1 |
| BOTTOM OF THE 13TH |
|
State College Spikes batting - Pitching for Cincinnati (NYP) Reds : RHP Calisto Morda
|
|
Pitching: RHP Chris Miles
|
|
|
Pinch Hitting: RHB Chris Norris
|
0-0: Foul Ball, location: 2F 0-1: Ball 1-1: Foul Ball, location: 2F 1-2: Ball 2-2: Ball 3-2: SINGLE (Groundball, 5S, EV 66.2 MPH) (infield hit)
|
|
Pinch Runner at 1st Kyle Burns:
|
|
|
Batting: LHB Jorge Zarazua
|
0-0: Ball 1-0: Ball 2-0: Swinging Strike 2-1: Swinging Strike 2-2: Strikes out looking
|
|
Batting: SHB Justin Towry
|
0-0: Foul Ball, location: 2F 0-1: Called Strike 0-2: Foul Ball, location: 2F 0-2: Strikes out swinging
|
|
Batting: RHB Adam Hudson
|
0-0: Foul Ball, location: 2F 0-1: Foul Ball, location: 2F 0-2: Strikes out swinging
|
| Bottom of the 13th over - 0 runs, 1 hit, 0 errors, 1 left on base; Cincinnati (NYP) 1 - State College 1 |
| TOP OF THE 14TH |
|
Cincinnati (NYP) Reds batting - Pitching for State College Spikes : LHP Paul Fuller
|
|
Pitching: RHP Javy Balderrama
|
|
|
Now at C: Kyle Burns
|
|
|
Batting: LHB Matthew Berry
|
0-0: Foul Ball, location: 2F 0-1: Ball 1-1: Called Strike 1-2: Ball 2-2: SINGLE (Line Drive, 8LS, EV 94.4 MPH)
|
|
Batting: RHB David Clough
|
0-0: Foul Ball, location: 2F 0-1: Fly out, F8 (Flyball, 8RM, EV 85.0 MPH)
|
|
Pinch Hitting: SHB Kristian Kristensen
|
0-0: Ball 1-0: Swinging Strike 1-1: Ball 2-1: Ball 3-1: Called Strike 3-2: Fly out, F8 (Flyball, 8RXD, EV 102.5 MPH)
|
|
Batting: SHB Cesar Pelayo
|
0-0: Ball 1-0: Foul Ball, location: 2F 1-1: Ball 2-1: Ball 3-1: Called Strike 3-2: Foul Ball, location: 2F 3-2: Base on Balls Matthew Berry to second
|
|
Pinch Hitting: LHB Brian Dickeson
|
0-0: Ball 1-0: Foul Ball, location: 2F 1-1: Foul Ball, location: 2F 1-2: Fly out, F8 (Flyball, 89XD, EV 96.9 MPH)
|
| Top of the 14th over - 0 runs, 1 hit, 0 errors, 2 left on base; Cincinnati (NYP) 1 - State College 1 |
| BOTTOM OF THE 14TH |
|
State College Spikes batting - Pitching for Cincinnati (NYP) Reds : RHP Chris Miles
|
|
Now at 2B: Cyd Carver
|
|
|
Now at SS: Akira Yamano
|
|
|
Now in RF: Jon Conklin
|
|
|
Batting: RHB Bobby Miles
|
0-0: Ball 1-0: Swinging Strike 1-1: Foul Ball, location: 2F 1-2: Ball 2-2: Strikes out swinging
|
|
Batting: RHB Ben Politi
|
0-0: Foul Ball, location: 2F 0-1: Foul Ball, location: 2F 0-2: Strikes out looking
|
|
Batting: RHB Mario Mendoza
|
0-0: Called Strike 0-1: Reached on error, E5 (Groundball, 5L, EV 97.5 MPH)
|
|
Pitching: RHP Lee Durbin
|
|
|
Batting: RHB Sam Daw
|
0-0: Swinging Strike 0-1: Swinging Strike 0-2: Ball 1-2: Strikes out swinging
|
| Bottom of the 14th over - 0 runs, 0 hits, 1 error, 1 left on base; Cincinnati (NYP) 1 - State College 1 |
| TOP OF THE 15TH |
|
Cincinnati (NYP) Reds batting - Pitching for State College Spikes : RHP Javy Balderrama
|
|
Batting: LHB Jason Pirkle
|
0-0: Called Strike 0-1: Ground out 4-3 (Groundball, 4, EV 89.4 MPH)
|
|
Pinch Hitting: RHB Yasusaburo Kuwahara
|
0-0: Ground out 6-3 (Groundball, 6, EV 102.5 MPH)
|
|
Batting: RHB Jon Marquez
|
0-0: Ball 1-0: Called Strike 1-1: Swinging Strike 1-2: Ground out 4-3 (Groundball, 34, EV 89.4 MPH)
|
| Top of the 15th over - 0 runs, 0 hits, 0 errors, 0 left on base; Cincinnati (NYP) 1 - State College 1 |
| BOTTOM OF THE 15TH |
|
State College Spikes batting - Pitching for Cincinnati (NYP) Reds : RHP Lee Durbin
|
|
Now at 2B: Yasusaburo Kuwahara
|
|
|
Batting: SHB Justin Houser
|
0-0: Ball 1-0: Called Strike 1-1: Swinging Strike 1-2: Ball 2-2: Foul Ball, location: 2F 2-2: SOLO HOME RUN (Flyball, 7D, EV 103.1 MPH), Distance : 395 ft
|
| Bottom of the 15th over - 1 run, 1 hit, 0 errors, 0 left on base; Cincinnati (NYP) 1 - State College 2 |
|